Map: Triton LE

Players

LastofMaster

  • Race: Zerg Zerg
  • Spawn Location: 5:00

haaduken - Winner!

  • Race: Terran Terran
  • League: Platinum
  • Spawn Location: 11:00

VOD

Have the link to the VOD?

Description

Time

  • Played on: Sept. 26, 2019, 10:06 p.m.
  • Length: 12:41
Show
View Real Time Build Order
Export as new Build Order

LastofMaster Zerg 

Build Orders: Hatch First 

Get SALT Encoding   

  12  0:00  Drone  
  13  0:16  Overlord  
  13  0:17  Drone  
  14  0:36  Drone x2  
  14  0:41  Drone  
  17  0:57  Hatchery  
  17  1:02  Drone x2  
  18  1:21  Extractor  
  18  1:22  Spawning Pool  
  18  1:24  Drone x2  
  18  1:35  Drone  
  19  1:43  Drone  
  20  1:54  Overlord  
  20  2:10  Queen  
  20  2:11  Queen  
  20  2:13  Zergling x4  
  26  2:42  Spore Crawler  
  25  2:51  Queen  
  28  3:00  Hatchery  
  28  3:04  Overlord  
  27  3:08  Drone x5  
  32  3:20  Drone  
  32  3:21  Drone x2  
  35  3:35  Overlord x2  
  35  3:44  Queen  
  35  3:45  Queen  
  39  4:00  Drone x10  
  39  4:01  Drone  
  50  4:09  Overlord  
  50  4:17  Queen  
  50  4:20  Queen  
  54  4:49  Overlord x4  
  54  4:52  Zergling x12  
  60  4:53  Baneling Nest  
  59  5:08  Drone x2  
  61  5:15  Metabolic Boost  
  61  5:27  Zergling x14  
  66  5:42  Zergling x4  
  68  5:43  Zergling x14  
  69  6:02  Hatchery  
  68  6:16  Baneling x5  
  68  6:17  Baneling x5  
  68  6:19  Lair  
  68  6:23  Hatchery  
  66  6:58  Zergling x24  
  78  7:02  Drone  
  78  7:03  Drone x2  
  81  7:36  Zergling x12  
  87  7:51  Drone x8  
  92  8:10  Extractor  
  92  8:12  Extractor  
  90  8:14  Drone x5  
  90  8:17  Overlord x6  
  95  8:35  Centrifical Hooks  
  95  8:36  Extractor  
  95  8:37  Extractor  
  93  8:42  Queen, Evolution Chamber x2  
  93  8:50  Zergling x18  
  93  8:51  Zergling x2  
  93  8:53  Baneling x9  
  103  8:56  Overseer  
  103  9:14  Zergling x20  
  113  9:20  Zerg Ground Armor Level 1, Zerg Melee Weapons Level 1  
  97  10:06  Drone x2  
  97  10:07  Drone x11  
  110  10:12  Infestation Pit  
  109  10:24  Hatchery  
  109  10:25  Zergling x8  
  109  10:26  Zergling x14  
  119  10:29  Hatchery  
  113  10:52  Baneling x9  
  91  11:59  Zergling x10  
  91  12:00  Zergling x22  
  92  12:10  Zergling x2  
  92  12:11  Zergling x20  
  98  12:15  Baneling x2  
  98  12:16  Baneling x2  
  88  12:29  Hatchery  
Show
View Real Time Build Order
Export as new Build Order

haaduken Terran - Winner!

Build Orders: Reaper Expand 

Get SALT Encoding   

  12  0:00  SCV  
  13  0:12  SCV  
  14  0:17  Supply Depot  
  14  0:24  SCV  
  15  0:38  SCV  
  15  0:40  Barracks  
  16  0:45  Refinery  
  16  0:51  SCV  
  17  1:03  SCV  
  18  1:15  SCV  
  19  1:27  Reaper  
  19  1:28  Orbital Command  
  20  1:45  Command Center  
  20  1:55  Barracks  
  20  2:01  Barracks Reactor  
  20  2:09  Refinery  
  20  2:22  Factory  
  20  2:27  SCV, Supply Depot  
  21  2:39  SCV  
  22  2:49  Barracks Tech Lab  
  22  2:50  Marine  
  22  2:51  SCV  
  24  2:54  Marine  
  24  2:57  Orbital Command  
  25  3:03  SCV  
  26  3:07  Marine  
  26  3:08  Widow Mine  
  26  3:10  Marine  
  30  3:21  Starport  
  30  3:24  SCV  
  31  3:27  Stimpack  
  31  3:34  Marine x3  
  31  3:37  SCV  
  31  3:40  Factory Reactor  
  35  3:42  SCV  
  36  3:52  Marine x2, SCV  
  36  3:53  Marine  
  36  3:55  Supply Depot  
  40  3:57  SCV  
  41  4:04  SCV  
  42  4:13  Marine x3  
  42  4:14  Supply Depot  
  45  4:22  SCV x2  
  47  4:25  Factory Tech Lab  
  47  4:27  Medivac x2  
  47  4:28  Supply Depot  
  47  4:31  Marine x2  
  52  4:34  SCV  
  54  4:39  Marine  
  54  4:44  Siege Tank  
  54  4:45  SCV  
  59  4:48  Marine, Refinery  
  60  4:53  Engineering Bay  
  60  5:01  SCV  
  60  5:02  SCV  
  60  5:03  Marine x2  
  60  5:06  Supply Depot  
  64  5:25  Barracks, Terran Infantry Weapons Level 1  
  64  5:26  SCV, Engineering Bay  
  64  5:27  Barracks  
  64  5:28  Barracks, Supply Depot  
  64  5:30  Marine x2  
  64  5:31  Marine  
  65  5:56  Marine x3  
  61  5:58  Medivac  
  61  5:59  Siege Tank, SCV x2  
  61  6:04  Supply Depot  
  68  6:11  SCV  
  68  6:13  Marine  
  68  6:14  Marine x2  
  68  6:16  Barracks Reactor  
  68  6:18  Barracks Reactor  
  72  6:19  Barracks Reactor  
  72  6:22  SCV  
  73  6:25  Terran Infantry Armor Level 1  
  73  6:31  Marine x2  
  74  6:53  Marine x2  
  74  6:54  Marine  
  77  6:56  Marine x3  
  77  6:57  Marine x2  
  77  7:00  SCV  
  77  7:01  SCV  
  84  7:03  Refinery  
  84  7:09  Marine  
  84  7:11  Marine x3  
  84  7:13  Supply Depot  
  84  7:14  Marine  
  84  7:15  Supply Depot  
  78  7:27  Medivac x2  
  78  7:29  Marine x3, Siege Tank, SCV  
  90  7:30  SCV  
  90  7:42  Neosteel Armor  
  90  7:46  Marine  
  90  7:50  Command Center  
  73  8:11  Siege Tank  
  73  8:12  Marine x5  
  80  8:19  SCV x2  
  83  8:20  Marine x3  
  83  8:21  Marine  
  83  8:24  Supply Depot  
  83  8:25  Supply Depot, Armory  
  87  8:34  Marine, Factory  
  87  8:35  Marine x2  
  90  8:43  Siege Tank  
  93  8:51  Marine x2  
  93  8:52  Marine  
  93  8:53  SCV x2  
  93  8:55  Marine x6  
  104  9:11  Marine x3  
  104  9:12  Marine  
  104  9:13  SCV  
  104  9:16  Widow Mine  
  111  9:19  Factory Reactor  
  111  9:20  SCV  
  111  9:21  Marine x2  
  114  9:24  Terran Infantry Armor Level 2  
  114  9:26  SCV  
  114  9:31  Terran Infantry Weapons Level 2  
  115  9:33  Command Center  
  115  9:37  Widow Mine  
  117  9:44  SCV x2  
  119  9:56  Marine x2, SCV  
  115  10:02  Marine x3  
  115  10:03  Marine x4  
  123  10:07  Widow Mine x2  
  123  10:14  Marine x2  
  123  10:16  Medivac x2  
  123  10:20  Marine x2, Orbital Command  
  131  10:28  Widow Mine  
  130  10:49  Marine x2  
  125  10:50  Marine  
  125  10:56  Marine  
  125  10:57  Marine  
  128  11:00  Hellion x2  
  128  11:01  Hellion  
  135  11:08  Marine  
  135  11:09  Marine x6  
  140  11:24  SCV  
  140  11:25  Marine x2, SCV  
  143  11:29  Planetary Fortress  
  143  11:30  Marine x2  
  143  11:31  Marine x4  
  150  11:34  Marine  
  150  11:36  SCV  
  150  11:37  SCV  
  152  11:43  Marine x2  
  148  11:53  Marauder  
  147  12:01  Marine x5  
  147  12:02  Marine  
  147  12:04  Hellion  
  155  12:17  SCV  
  155  12:22  Supply Depot  
  156  12:24  Supply Depot x2  
  156  12:26  SCV  
Tags
 
Add a new tag
Caveats
  • Supply blocks, unpowered buildings, or Contaminate may cause inaccurate times.
  • Supply counts are checked every 10 seconds.